AoeStats
← Leadman22

Arabia

505118697Analyzed
1v1 RM · 23d ago on Sep 7, 2026· 69m 38s· 2 players
Game mode
Random Map
Map size
Tiny (2 player)
Population
200
Speed
Normal
Resources
Standard
Victory
Conquest
Starting age
Dark Age
Ending age
Imperial Age
RankedLock teamsTeams togetherTeam positionsShared explorationLock speedFull tech treeHidden civsTurbo modeCheats
Victory
Defeat
🇺🇸 Britons · United States
740
+16
🇦🇷 Saracens · Argentina
736
-16
CHAPA
2:40 Loom
10:47 Feudal Age
13:28 Double-Bit Axe
13:30 Horse Collar
17:04 Gold Mining
21:07 Castle Age
22:48 Scale Barding Armor
23:15 Scale Mail Armor
24:59 Fletching
25:05 Crossbowman
27:06 Wheelbarrow
26:58 Padded Archer Armor
28:34 Thumb Ring
28:58 Elite Skirmisher
31:15 Leather Archer Armor
31:58 Bodkin Arrow
42:40 Imperial Age
40:59 Forging
41:05 Chain Mail Armor
44:54 Murder Holes
45:21 Ballistics
46:20 Chemistry
49:02 Elite Mameluke
50:18 Hoardings
49:25 Arbalester
63:13 Pikeman
63:54 Squires
Leadman22
10:04 Loom
12:27 Feudal Age
13:47 Double-Bit Axe
14:47 Wheelbarrow
15:27 Fletching
17:54 Horse Collar
19:04 Forging
23:59 Castle Age
23:24 Town Watch
23:48 Padded Archer Armor
23:48 Scale Mail Armor
24:00 Gold Mining
24:01 Stone Mining
24:05 Crossbowman
24:50 Squires
25:17 Pikeman
26:07 Bodkin Arrow
26:35 Heavy Plow
27:56 Bow Saw
28:54 Iron Casting
28:56 Treadmill Crane
32:03 Hand Cart
32:47 Ballistics
32:24 Murder Holes
33:25 Town Patrol
42:57 Gold Shaft Mining
44:53 Chain Mail Armor
50:11 Imperial Age
52:42 Two-Man Saw
52:48 Chemistry
52:00 Fortified Wall
51:54 Bracer
52:54 Blast Furnace
52:11 Leather Archer Armor
52:27 Plate Mail Armor
51:55 Halberdier
53:12 Halberdier
55:14 Masonry
55:12 Scale Barding Armor
54:49 Onager
58:42 Conscription
62:47 Warwolf
68:58 Yeomen
Connection lost

Rejoining the realm…

Still unreachable

The connection could not be restored.

Session expired

The server has moved on; the page needs a fresh start.